 Dungeon Crawl Stone Soup version 0.29.1-14-g9c671dbff4 (webtiles) character file.

Game seed: 6360599983809303056

226 Peloso the Shield-Bearer (level 5, -12/47 HPs)
             Began as a Minotaur Fighter on Feb 19, 2023.
             Mangled by an ogre
             ... wielding a +0 giant club
              (30 damage)
             ... on level 4 of the Dungeon.
             The game lasted 00:06:48 (3069 turns).

Peloso the Shield-Bearer (Minotaur Fighter)         Turns: 3069, Time: 00:06:49

Health: -12/47     AC: 12    Str: 20    XL:     5   Next: 69%
Magic:  4/4        EV:  5    Int:  5    God:
Gold:   192        SH:  5    Dex: 12    Spells: 4/4 levels left

rFire   . . .      SeeInvis .   a - +0 long sword
rCold   . . .      Faith    .   d - +0 buckler
rNeg    . . .      Spirit   .   c - +0 plate armour
rPois   .          Reflect  .   (helmet restricted)
rElec   .          Harm     .   (no cloak)
rCorr   .          Rampage  .   (no gloves)
Will    +....                   (no boots)
Stlth   ..........              (no amulet)
HPRegen 0.15/turn               e - ring of willpower
MPRegen 0.09/turn               y - ring of Shadows {Umbra +Inv Stlth+}

@: wreathed by umbra
A: horns 2, retaliatory headbutt
a: Evoke Invisibility


You were on level 4 of the Dungeon.
You visited 1 branch of the dungeon, and saw 4 of its levels.

You collected 192 gold pieces.

Inventory:

Hand Weapons
 a - a +0 long sword (weapon)
Missiles
 i - a throwing net (quivered)
Armour
 b - a +0 scale mail
 c - a +0 plate armour (worn)
 d - a +0 buckler (worn)
Jewellery
 e - a ring of willpower (left hand)
 s - a +6 ring of intelligence
 y - the ring of Shadows (right hand) {Umbra +Inv Stlth+}
   (You found it on level 3 of the Dungeon)

   [ring of stealth]

   It surrounds you with an aura of shadow, increasing your stealth and reducing
   the accuracy of all others within it.
   +Inv:      It lets you turn invisible.
   Stlth:     It makes you more stealthy.
Scrolls
 j - 3 scrolls of amnesia {unknown}
 n - 2 scrolls of butterflies {unknown}
 p - 5 scrolls of teleportation
 q - a scroll of acquirement {unknown}
 u - a scroll of summoning {unknown}
 v - a scroll of identify
 x - a scroll of noise {unknown}
Potions
 f - 3 potions of ambrosia
 g - a potion of invisibility
 h - a potion of magic
 k - a potion of flight
 l - a potion of resistance
 m - 4 potions of might
 o - a potion of heal wounds {unknown}
 r - 2 potions of haste {unknown}
 t - a potion of berserk rage {unknown}
 w - 2 potions of attraction {unknown}
 z - a potion of cancellation {unknown}


   Skills:
 + Level 4.5 Fighting
 + Level 4.5 Long Blades
 + Level 4.7 Armour
 + Level 0.4 Dodging
 + Level 0.1 Stealth
 + Level 5.2 Shields


You had 4 spell levels left.
You didn't know any spells.
Your spell library contained the following spells:

 Spells                   Type           Power      Damage    Failure   Level
 Beastly Appendage        Tmut           0%         N/A       100%        1
 Wereblood                Tmut           0%         N/A       100%        2
 Dazzling Flash           Conj/Hex       0%         N/A       100%        3
 Spider Form              Tmut/Pois      0%         N/A       100%        3
 Agony                    Necr           0%         N/A       100%        5
 Silence                  Hex/Air        0%         N/A       100%        5


Dungeon Overview and Level Annotations

Branches:
Dungeon (4/15)
 Temple: D:4-7

Altars:
Makhleb
Sif Muna
Uskayaw
The Shining One


Innate Abilities, Weirdness & Mutations

You have a pair of horns on your head.
You reflexively headbutt those who attack you in melee.


Message History

The ball python grabs you. The ball python constricts you.
The ball python bites you but does no damage.
The ball python constricts you.
You hit the ball python.
You kill the ball python!
You slash the goblin!
You kill the goblin!
Throw: 2 throwing nets
Press: ? - help, Q - select action, (/) - cycle Shift-Dir - straight line, f - ogre
Aim: an ogre, wielding a +0 giant club (umbra, 74% to hit)
You throw a throwing net. The throwing net hits the ogre.
The ogre is caught in the net!
The ogre struggles against the net.
The ogre struggles against the net.
Things that are here:
a +0 dagger; a goblin corpse You hit the ogre but do no damage.
The ogre struggles against the net.
You hit the ogre. You headbutt the ogre.
The ogre is moderately wounded.
The ogre struggles against the net.
You slash the ogre! Your headbutt misses the ogre.
The ogre is heavily wounded.
The ogre struggles against the net. x2
The net rips apart, and the ogre comes free!
You barely miss the ogre.
The ogre is heavily wounded.
The ogre hits you with a +0 giant club!
You hit the ogre. You headbutt the ogre.
The ogre is heavily wounded.
The ogre hits you with a +0 giant club!
You closely miss the ogre.
The ogre is heavily wounded.
You slash the ogre!
The ogre is almost dead.
The ogre closely misses you.
You barely miss the ogre. You headbutt the ogre.
The ogre is almost dead.
The ogre hits you with a +0 giant club!!
Ouch! That really hurt!
You die...

#.#.#.......# #
#.#.#.......# #
#.#.#.......# ##
#.#.#.......# #.
#.#.........# #.
#.##........# #.
#........# #.
##..O##### #. ###@# #.
#.### #. #...## ##
###..# #
.########.########
.................######
#..........#####.......
#......(....#.....####.
#................<..##.


You could see an ogre.

Vanquished Creatures
  A necrophage (D:4)
  A hound (D:3)
  Natasha (D:2)
  2 adders
  4 worms
  2 dart slugs (D:2)
  3 orcs
  5 endoplasms
  3 giant cockroaches
  8 goblins
  5 hobgoblins
  7 jackals
  6 ball pythons
  9 bats
  3 frilled lizards
  4 kobolds
  7 rats
71 creatures vanquished.

Vanquished Creatures (others)
  17 plants
17 creatures vanquished.

Grand Total: 88 creatures vanquished

Notes
Turn   | Place    | Note
-------+----------+-------------------------------------------
     0 | D:1      | Peloso the Minotaur Fighter began the quest for the Orb.
     0 | D:1      | Reached XP level 1. HP: 19/19 MP: 0/0
   208 | D:1      | Reached XP level 2. HP: 25/27 MP: 1/1
  1008 | D:1      | Reached skill level 4 in Shields
  1139 | D:1      | Reached XP level 3. HP: 23/33 MP: 2/2
  1883 | D:2      | Reached XP level 4. HP: 35/40 MP: 3/3
  2286 | D:3      | Noticed Natasha
  2298 | D:2      | Killed Natasha
  2477 | D:3      | Reached skill level 5 in Shields
  2481 | D:3      | Found a glowing golden altar of the Shining One.
  2511 | D:3      | Found a hide-covered altar of Uskayaw.
  2573 | D:3      | Reached XP level 5. HP: 46/47 MP: 4/4
  2602 | D:3      | Found the ring of Shadows {Umbra +Inv Stlth+}
  2731 | D:3      | Noticed an ogre
  2819 | D:4      | Found a shimmering blue altar of Sif Muna.
  2908 | D:4      | Found a burning altar of Makhleb.
  3039 | D:4      | Noticed an ogre
  3069 | D:4      | Mangled by an ogre

Illustrated notes

Levels and vault maps discovered:
D:1:      erik_arrival_cave_to_civilisation [erik_arrival_cave_to_hall],
          layout_basic, serial_forest, infiniplex_forest_clump_diagonal,
          infiniplex_forest_straight_2, infiniplex_forest_lined_room_,
          infiniplex_forest_lined_2, infiniplex_forest_lined_3_way,
          infiniplex_forest_clump_curved, infiniplex_forest_lined_1,
          infiniplex_forest_straight_4, infiniplex_forest_clump_medium
D:2:      layout_rooms, serial_bayou_lagoon_a, minmay_pentomino_pile
D:3:      minmay_inner_zag, layout_rooms, nicolae_overflow_crystal_walls,
          nicolae_dithmenos_the_darkroom, mainiacjoe_overflow_surrounded_room,
          grunt_temple_overflow_open, serial_shops, shop, uniq_natasha
D:4:      layout_basic, marbit_many_paths, fedhas_altar_2, tgw_sif

Skill      XL: |  1  2  3  4  5 |
---------------+----------------+-----
Long Blades    | 3 4 |  4.5
Shields        | 4 5 |  5.2
Armour         | 4 |  4.7
Fighting       | 4 |  4.5
Dodging        | |  0.4
Stealth        | |  0.1

Action                   |  1- 3 |  4- 6 || total
-------------------------+-------+-------++-------
Melee: Long sword        |    94 |    86 ||   180
       Headbutt          |     8 |    18 ||    26
Throw: Throwing net      |       |     1 ||     1
  Use: Scroll            |     2 |     4 ||     6
Armor: Scale mail        |    58 |       ||    58
       Plate armour      |    18 |    56 ||    74
Dodge: Dodged            |    60 |    24 ||    84
Block: Buckler           |    29 |    22 ||    51
